Map: Acropolis LE

Players

Lambo - Winner!

  • Race: Zerg Zerg
  • Spawn Location: 11:00

TIME (Oliveira)

  • Race: Terran Terran
  • Spawn Location: 5:00

Event: 2019 WCS Summer

VOD

Have the link to the VOD?

Description

Time

  • Played on: July 12, 2019, 2:09 p.m.
  • Length: 16:34

All games in this series

Show
View Real Time Build Order
Export as new Build Order

Lambo Zerg - Winner!

Build Orders: Hatch First 

Get SALT Encoding   

  12  0:01  Drone  
  13  0:12  Overlord  
  13  0:17  Drone  
  14  0:31  Drone x2  
  16  0:47  Hatchery  
  15  0:51  Drone  
  15  0:55  Drone  
  17  0:58  Drone  
  18  1:09  Extractor  
  17  1:13  Spawning Pool  
  17  1:17  Drone  
  17  1:21  Drone  
  18  1:28  Drone  
  19  1:40  Drone  
  20  1:53  Overlord  
  20  2:00  Queen x2  
  20  2:01  Zergling x4  
  26  2:10  Drone  
  26  2:11  Metabolic Boost, Drone  
  28  2:21  Drone  
  29  2:27  Drone  
  30  2:38  Hatchery  
  30  2:39  Drone  
  30  2:46  Drone  
  30  2:48  Pneumatized Carapace  
  30  2:50  Drone  
  32  2:53  Overlord  
  32  2:56  Drone  
  33  3:00  Drone  
  33  3:04  Drone  
  33  3:05  Drone  
  36  3:13  Drone x3  
  36  3:14  Overlord  
  39  3:20  Queen  
  39  3:24  Drone  
  42  3:28  Drone  
  42  3:32  Queen  
  45  3:35  Drone  
  45  3:36  Drone  
  47  3:41  Baneling Nest  
  47  3:45  Drone x3  
  49  3:49  Queen  
  49  3:53  Overlord  
  51  3:55  Queen  
  51  3:58  Zergling x4  
  51  4:00  Zergling x2  
  56  4:05  Overlord  
  56  4:08  Drone x2  
  58  4:13  Drone x4  
  62  4:20  Drone  
  62  4:21  Drone  
  62  4:22  Spore Crawler  
  63  4:25  Drone  
  63  4:27  Queen  
  63  4:28  Spore Crawler  
  63  4:29  Overlord  
  67  4:31  Drone x2  
  67  4:33  Zergling x2  
  67  4:38  Zergling x4  
  67  4:41  Zergling x2  
  67  4:43  Drone  
  71  4:47  Drone x3  
  71  4:50  Drone  
  71  4:51  Baneling x2  
  77  4:54  Zergling x6  
  78  5:01  Drone x3  
  78  5:06  Extractor  
  78  5:07  Extractor, Evolution Chamber  
  78  5:08  Drone x2  
  78  5:10  Drone  
  78  5:11  Evolution Chamber  
  78  5:15  Lair  
  78  5:16  Drone x2  
  78  5:18  Extractor  
  78  5:19  Drone x3, Extractor  
  80  5:21  Drone x2  
  80  5:25  Overlord  
  80  5:26  Extractor  
  80  5:28  Drone  
  81  5:29  Overlord  
  81  5:32  Overlord  
  81  5:33  Drone, Hatchery  
  81  5:38  Baneling x2  
  81  5:39  Baneling  
  81  5:47  Drone x5  
  86  5:50  Drone x5, Hatchery  
  86  5:51  Drone x3  
  86  5:54  Drone  
  94  5:58  Zerg Ground Armor Level 1  
  94  6:01  Drone  
  94  6:03  Drone  
  96  6:06  Drone  
  97  6:14  Zergling x6  
  100  6:19  Centrifical Hooks  
  100  6:21  Zerg Melee Weapons Level 1  
  100  6:24  Zergling x12  
  100  6:25  Overlord  
  106  6:26  Hydralisk Den  
  105  6:34  Zergling x2  
  105  6:35  Hatchery, Overlord  
  105  6:38  Overlord  
  105  6:39  Overlord  
  105  6:41  Drone  
  105  6:46  Overlord  
  106  6:49  Overlord  
  106  6:50  Zergling x12  
  106  6:53  Drone  
  113  6:54  Infestation Pit, Drone x4  
  113  6:58  Zergling x4  
  118  7:03  Baneling x4  
  118  7:08  Drone x4  
  122  7:10  Muscular Augments  
  122  7:11  Zergling x2, Extractor  
  122  7:13  Baneling x3  
  122  7:15  Overlord  
  121  7:17  Hydralisk x2  
  121  7:19  Drone x2  
  125  7:30  Zergling x2  
  125  7:31  Zergling x16  
  125  7:32  Baneling  
  125  7:33  Baneling x6  
  133  7:41  Zergling x2  
  133  7:42  Zergling x12  
  136  7:48  Zergling x8  
  128  7:52  Drone x8  
  128  7:55  Hive  
  128  7:57  Overseer  
  132  8:04  Hydralisk x3  
  132  8:05  Hydralisk x2  
  139  8:09  Hydralisk x3  
  140  8:16  Hydralisk x3  
  145  8:26  Overlord  
  145  8:29  Hydralisk x7  
  145  8:31  Zerg Missile Weapons Level 1  
  159  8:35  Queen  
  159  8:36  Overlord  
  159  8:37  Overlord  
  161  8:42  Spore Crawler  
  161  8:45  Zergling x18  
  161  8:46  Overseer  
  169  8:51  Zergling x10  
  169  8:53  Zergling x4  
  167  8:58  Zergling x8  
  167  9:01  Zergling x2  
  168  9:05  Baneling x10  
  168  9:07  Zergling x14  
  171  9:11  Adrenal Glands  
  171  9:14  Zergling x6  
  171  9:16  Ultralisk Cavern  
  172  9:19  Zergling x4  
  161  9:25  Zerg Ground Armor Level 2  
  161  9:32  Zergling x10  
  161  9:33  Queen  
  161  9:37  Queen, Spore Crawler  
  169  9:39  Spore Crawler  
  169  9:41  Overlord  
  169  9:45  Zergling x18  
  177  9:50  Zergling x8  
  177  9:51  Overseer  
  176  9:54  Zergling x2  
  177  10:00  Zergling x8  
  177  10:04  Overlord x2  
  180  10:08  Zergling x8  
  184  10:15  Baneling x2  
  184  10:18  Zergling x8, Overseer  
  184  10:19  Zergling x8  
  184  10:20  Chitinous Plating  
  190  10:24  Drone  
  190  10:25  Zerg Melee Weapons Level 2  
  190  10:27  Baneling x13  
  189  10:38  Queen  
  189  10:39  Drone  
  192  10:43  Hydralisk x4  
  199  10:50  Baneling  
  197  10:59  Zergling x4  
  197  11:06  Baneling x10, Overlord  
  197  11:09  Overlord  
  193  11:23  Grooved Spines  
  193  11:24  Drone x2  
  193  11:25  Drone  
  196  11:38  Anabolic Synthesis  
  194  11:46  Ultralisk  
  197  11:54  Zergling x20  
  200  12:01  Zergling x20, Ultralisk  
  196  12:05  Zergling x24  
  195  12:10  Ultralisk  
  195  12:11  Zergling x10  
  195  12:14  Zergling x14  
  200  12:16  Zerg Ground Armor Level 3  
  200  12:23  Baneling x2  
  200  12:26  Baneling x9  
  200  12:31  Baneling x14  
  197  12:40  Zergling x8  
  197  12:43  Baneling x14  
  199  12:46  Overlord  
  194  12:52  Ultralisk  
  194  12:54  Zergling x4, Hatchery  
  194  12:58  Hatchery  
  192  12:59  Zergling x14  
  192  13:05  Baneling x11  
  199  13:15  Baneling x3  
  198  13:21  Zergling x2  
  198  13:22  Zergling x4  
  198  13:23  Baneling x8  
  192  13:30  Zergling x36  
  192  13:33  Ultralisk  
  169  13:43  Zergling x24  
  169  13:47  Extractor  
  169  13:48  Spire  
  178  13:50  Zergling x2  
  178  13:51  Zergling x4  
  178  13:54  Zergling x4  
  178  13:55  Baneling x9  
  177  13:59  Zergling x4  
  177  14:00  Baneling x4  
  177  14:02  Zergling x2  
  180  14:07  Zergling x8  
  180  14:08  Baneling x6  
  174  14:15  Drone x6, Extractor  
  178  14:18  Zergling x22  
  188  14:33  Baneling x6  
  188  14:34  Ultralisk  
  188  14:38  Drone x2, Spore Crawler  
  196  14:39  Spore Crawler  
  196  14:41  Baneling x6  
  189  15:13  Drone  
  189  15:14  Drone  
  191  15:16  Spore Crawler  
  165  15:42  Corruptor x2  
  165  15:43  Corruptor x8  
  165  15:45  Zergling x34  
  165  15:47  Zergling x44  
  193  15:50  Zergling x4  
  193  15:54  Corruptor x2  
  193  15:55  Corruptor  
  193  15:58  Zergling x10  
  193  16:00  Zergling x4  
  191  16:18  Baneling x2  
Show
View Real Time Build Order
Export as new Build Order

TIME Terran 

Build Orders: Liberator Opening, Reaper Expand 

Get SALT Encoding   

  12  0:00  SCV  
  13  0:12  SCV  
  14  0:17  Supply Depot  
  14  0:25  SCV  
  15  0:38  SCV  
  15  0:41  Barracks  
  16  0:44  Refinery  
  16  0:50  SCV  
  17  1:03  SCV  
  18  1:15  SCV  
  19  1:29  Orbital Command, Reaper  
  20  1:39  Command Center  
  20  1:47  Supply Depot  
  20  1:54  SCV  
  20  2:00  Marine  
  22  2:06  SCV  
  23  2:10  Factory  
  23  2:12  Refinery  
  23  2:19  SCV  
  23  2:22  Barracks Reactor  
  24  2:31  SCV  
  25  2:43  SCV  
  26  2:52  Orbital Command  
  26  2:55  SCV, Starport  
  27  3:02  Hellion x2  
  27  3:04  Marine  
  32  3:07  SCV  
  33  3:18  SCV  
  33  3:19  SCV  
  35  3:21  Supply Depot  
  35  3:23  Hellion x2  
  35  3:26  Marine  
  40  3:30  SCV  
  40  3:31  SCV, Medivac  
  44  3:39  Supply Depot  
  44  3:42  SCV  
  44  3:43  SCV  
  44  3:44  Liberator  
  44  3:46  Hellion x2  
  50  3:59  SCV  
  50  4:00  Armory  
  50  4:01  SCV  
  55  4:04  Barracks Tech Lab  
  55  4:08  Supply Depot  
  55  4:11  SCV  
  55  4:12  Hellion  
  55  4:13  SCV  
  59  4:17  Hellion  
  59  4:23  SCV  
  62  4:26  Stimpack  
  62  4:29  SCV  
  63  4:31  Supply Depot  
  63  4:34  Marine  
  63  4:35  SCV  
  65  4:42  SCV  
  66  4:47  Command Center  
  66  4:51  Factory Reactor  
  66  4:52  Marine  
  61  5:07  Starport Reactor, SCV  
  61  5:08  SCV  
  61  5:09  Marine  
  61  5:11  Barracks  
  64  5:18  Barracks  
  64  5:19  Refinery, Engineering Bay x2, SCV  
  64  5:20  Refinery, Supply Depot  
  65  5:21  SCV  
  65  5:27  Marine  
  67  5:45  Marine  
  66  5:51  Widow Mine x2  
  66  5:52  SCV  
  66  5:53  Terran Infantry Weapons Level 1, Terran Infantry Armor Level 1  
  71  5:59  Starport Reactor  
  71  6:00  Barracks, Marine x2  
  71  6:02  Barracks  
  74  6:07  Marine  
  74  6:08  Orbital Command, SCV x2  
  76  6:13  Supply Depot  
  76  6:14  Marine x2  
  76  6:18  Widow Mine x2  
  82  6:19  Marine x2  
  82  6:20  SCV x2  
  82  6:24  Marine  
  87  6:29  Combat Shield  
  87  6:32  Marine, SCV x2  
  90  6:35  Orbital Command  
  90  6:38  Marine x2, Medivac x2  
  96  6:42  Marine  
  96  6:44  SCV x2  
  99  6:48  Supply Depot  
  99  6:51  Barracks Reactor  
  99  6:52  Widow Mine x2  
  104  6:56  SCV x2  
  104  6:57  Marine  
  104  6:58  Barracks Reactor  
  104  6:59  Marine  
  104  7:00  SCV  
  108  7:06  Supply Depot  
  108  7:08  SCV  
  108  7:09  SCV  
  108  7:10  Medivac x2  
  108  7:12  Marine  
  108  7:13  SCV  
  108  7:15  Marine  
  117  7:20  Refinery, Factory  
  117  7:21  Refinery  
  117  7:28  Marine x2, SCV  
  120  7:32  Marine x2  
  120  7:33  Widow Mine  
  120  7:39  Marine  
  120  7:40  Marine x2  
  120  7:41  Marine  
  120  7:42  SCV  
  123  7:47  Marine x2  
  123  7:48  Marine, Widow Mine  
  123  7:50  Terran Infantry Weapons Level 2, Marine, Terran Infantry Armor Level 2  
  119  7:53  Marine  
  119  7:55  Widow Mine  
  119  7:57  Marine, SCV x2  
  125  8:01  Marine  
  125  8:02  Marine  
  125  8:03  Supply Depot  
  125  8:05  Marine, Supply Depot  
  121  8:07  Factory Tech Lab  
  121  8:09  Command Center  
  122  8:14  Marine x3  
  122  8:15  Medivac x2  
  122  8:17  Marine, Widow Mine  
  122  8:18  Marine  
  133  8:25  Widow Mine, SCV x2  
  133  8:26  Drilling Claws  
  137  8:27  Widow Mine  
  137  8:28  Marine, Supply Depot  
  137  8:29  Supply Depot  
  137  8:30  Marine  
  141  8:35  Marine  
  141  8:37  SCV x2  
  144  8:52  Marine  
  144  8:55  Liberator x2  
  140  8:58  Marine x2  
  140  8:59  Marine  
  142  9:04  Marine  
  142  9:06  Marine  
  130  9:10  Marine x2  
  130  9:11  Widow Mine  
  130  9:12  Marine  
  130  9:13  Barracks x2  
  130  9:14  Barracks, Marine  
  130  9:16  Marine  
  143  9:22  Marine x3  
  143  9:24  Marine  
  131  9:25  Widow Mine x2  
  131  9:26  SCV x2, Planetary Fortress  
  131  9:27  SCV  
  131  9:31  Marine  
  139  9:33  Marine, Marauder  
  139  9:35  Widow Mine  
  145  9:38  SCV x2  
  145  9:40  Marine x2  
  145  9:43  Marine x2, SCV  
  152  9:50  SCV  
  153  9:54  Marauder  
  153  9:55  Marine  
  153  9:56  Marine x2  
  153  9:57  SCV  
  153  9:59  Command Center  
  153  10:03  Liberator x2  
  153  10:05  Barracks Tech Lab  
  153  10:06  Barracks Tech Lab  
  151  10:07  Barracks Tech Lab  
  151  10:10  Starport x2, Fusion Core  
  151  10:14  Marine  
  151  10:16  Marine, Marauder  
  151  10:17  Marine x3  
  151  10:18  SCV x3  
  167  10:22  Refinery x2  
  167  10:24  Marine x3, Supply Depot  
  167  10:26  Terran Infantry Weapons Level 3  
  170  10:34  Marauder x3  
  175  10:36  Concussive Shells  
  175  10:37  Marine  
  175  10:38  Marine  
  175  10:40  Marine x2  
  179  10:45  Marauder  
  179  10:49  Marine x2  
  183  10:52  Starport Reactor  
  183  10:54  Starport Tech Lab  
  183  10:55  Marauder  
  184  11:01  Marine, Sensor Tower  
  185  11:05  Marine  
  185  11:06  Marine x2, Marauder  
  185  11:08  Marauder  
  185  11:10  Marine  
  185  11:13  Supply Depot x2  
  181  11:19  Marauder x2, Marine x3  
  181  11:20  Marine  
  181  11:22  Hyperflight Rotors  
  181  11:25  Terran Vehicle And Ship Armor Level 1  
  189  11:26  Terran Infantry Armor Level 3  
  189  11:27  Marauder  
  189  11:28  Marine x2  
  189  11:29  Marauder  
  189  11:32  Marine x2  
  194  11:41  Marauder, Marine  
  194  11:42  Marine  
  198  11:47  Marine x2  
  198  11:53  Liberator x2  
  198  11:54  Marauder, Marine x2  
  195  11:56  Marine  
  184  12:03  Supply Depot  
  184  12:04  Supply Depot  
  184  12:05  Supply Depot  
  165  12:09  Marauder x2, Marine x4  
  165  12:10  Marauder, Widow Mine x2  
  165  12:14  Liberator x2  
  175  12:16  Planetary Fortress  
  175  12:18  Marine x3  
  175  12:19  Marauder  
  175  12:21  SCV  
  181  12:24  Marine  
  181  12:26  Marine  
  181  12:27  Marine  
  182  12:31  Marauder x2  
  182  12:33  Marine x2, Widow Mine x2  
  182  12:36  SCV  
  198  12:44  Marine x2  
  198  12:51  Widow Mine  
  198  12:56  Marine  
  199  13:02  Ghost Academy  
  199  13:03  Command Center  
  199  13:04  Command Center  
  194  13:12  Liberator  
  194  13:13  Liberator  
  194  13:14  Liberator x2  
  194  13:15  Sensor Tower, Missile Turret  
  194  13:16  Liberator, Missile Turret  
  192  13:22  Advanced Ballistics  
  183  13:30  Marauder, Marine  
  183  13:32  Marauder, Marine x2  
  183  13:33  SCV x3  
  152  13:38  SCV  
  146  13:45  SCV x2  
  146  13:47  SCV  
  145  13:53  SCV  
  145  13:54  Command Center  
  144  13:55  Liberator  
  144  13:56  Liberator  
  144  14:00  Ghost  
  146  14:06  Ghost  
  146  14:09  Ghost, SCV x3  
  142  14:19  Missile Turret x2  
  138  14:28  Viking x2  
  138  14:31  Viking  
  142  14:39  Ghost x2  
  142  14:41  Missile Turret  
  142  14:42  Missile Turret  
  146  14:49  Personal Cloaking  
  146  14:50  Command Center  
  146  14:53  Ghost  
  146  14:54  Liberator  
  146  14:55  Viking  
  146  14:59  Widow Mine x2  
  154  15:02  Ghost  
  155  15:10  Ghost  
  160  15:14  Marauder  
  160  15:15  Marine x2  
  164  15:25  Marine x3  
  169  15:38  Missile Turret x2  
  169  15:41  Sensor Tower  
  158  15:48  Marine  
  158  15:49  Marauder  
  131  15:51  Marine  
  114  15:57  Ghost  
  114  15:58  Marine  
  114  15:59  Marauder  
  109  16:09  Marine  
  109  16:10  Marauder  
  109  16:11  Marine  
  109  16:13  Marine  
Tags
 
Add a new tag
Caveats
  • Supply blocks, unpowered buildings, or Contaminate may cause inaccurate times.
  • Supply counts are checked every 10 seconds.